 Dungeon Crawl Stone Soup version 0.29.1-2-gbd0b4ee654 (webtiles) character file.

Game seed: 446278863591758009

6631 qeuew the Destroyer (level 11, -9/54 HPs)
             Began as a Tengu Conjurer on Nov 4, 2022.
             Was a Follower of Kikubaaqudgha.
             Mangled by a boulder beetle (55 damage)
             ... on level 8 of the Dungeon.
             The game lasted 00:30:36 (11124 turns).

qeuew the Destroyer (Tengu Conjurer)               Turns: 11124, Time: 00:30:41

Health: -9/54      AC: 12    Str:  9    XL:     11   Next: 2%
Magic:  19/23      EV: 17    Int: 30    God:    Kikubaaqudgha [*.....]
Gold:   511        SH:  0    Dex: 17    Spells: 5/25 levels left

rFire   . . .      SeeInvis +   g - +3 falchion (vorpal)
rCold   + . .      Faith    .   (no shield)
rNeg    . . .      Spirit   .   q - +0 acid dragon scales
rPois   .          Reflect  .   (helmet restricted)
rElec   .          Harm     .   c - +2 cloak
rCorr   +          Rampage  .   h - +0 pair of gloves
Will    .....      Clarity  +   (boots unavailable)
Stlth   ++........              l - amulet of regeneration
HPRegen 0.98/turn               k - +6 ring of intelligence
MPRegen 0.18/turn               z - ring "Vuawet" {*Slow rC+ Int+4 Dex+3 SInv}

@: flying quickly and evasively, studying Axes, quick
A: beak, talons 3, nimble flight, clarity, MP-powered wands
a: Renounce Religion, Unearth Wretches


You were on level 8 of the Dungeon.
You worshipped Kikubaaqudgha.
Kikubaaqudgha was aware of your devotion.
You visited 2 branches of the dungeon, and saw 9 of its levels.
You also visited: Sewer.

You collected 511 gold pieces.

Inventory:

Hand Weapons
 g - a +3 vorpal falchion (weapon)
Missiles
 t - a throwing net
Armour
 c - a +2 cloak (worn)
 h - a +0 pair of gloves (worn)
 q - +0 acid dragon scales (worn)
Jewellery
 k - a +6 ring of intelligence (left hand)
 l - an amulet of regeneration (around neck)
 n - a +6 ring of strength
 z - the ring "Vuawet" (right hand) {*Slow rC+ Int+4 Dex+3 SInv}
   (You found it on level 8 of the Dungeon)

   [ring of see invisible]

   Int:       It affects your intelligence (+4).
   Dex:       It affects your dexterity (+3).
   rC:        It protects you from cold.
   SInv:      It lets you see invisible.
   *Slow:     It may slow you when you take damage.
Wands
 o - a wand of flame (23)
 s - a wand of iceblast (9)
 u - a wand of polymorph (11)
 v - a wand of digging (7)
Scrolls
 a - a scroll of fear
 b - a scroll of enchant armour
 j - a scroll of identify
 m - a scroll of blinking
 x - 2 scrolls of amnesia
 y - a scroll of enchant weapon
Potions
 d - 2 potions of might
 e - a potion of curing
 f - 2 potions of cancellation
 i - 4 potions of haste
 p - 2 potions of mutation
 r - 2 potions of brilliance
 w - a potion of flight {unknown}


   Skills:
 * Level 9.0 Long Blades
 * Level 6.3 Armour
 * Level 6.5 Dodging
 - Level 2.0 Stealth
 - Level 0.2 Unarmed Combat
 * Level 7.9 Spellcasting
 + Level 9.5 Conjurations
 + Level 0.1 Hexes
 - Level 4.1 Translocations
 * Level 0.4 Fire Magic


You had 5 spell levels left.
You knew the following spells:

 Your Spells              Type           Power      Damage    Failure   Level
a - Magic Dart            Conj           100%       1d8       1%          1
b - Searing Ray           Conj           100%       2d8       1%          2
c - Iskenderun's Mystic   Conj/Tloc      52%        2d11      4%          4
d - Fulminant Prism       Conj/Hex       20%        3d13      9%          4
e - Flame Wave            Conj/Fire      42%        2d11      9%          4
f - Dazzling Flash        Conj/Hex       82%        N/A       2%          3
g - Blink                 Tloc           72%        N/A       1%          2

Your spell library contained the following spells:

 Spells                   Type           Power      Damage    Failure   Level
 Lesser Beckoning         Tloc           36%        N/A       3%          3
 Mephitic Cloud           Conj/Pois/Air  31%        N/A       5%          3
 Necrotise                Necr           44%        1d6       7%          1
 Portal Projectile        Hex/Tloc       48%        N/A       9%          3
 Tukima's Dance           Hex            13%        N/A       19%         3
 Frozen Ramparts          Ice            22%        1d4       21%         3
 Vampiric Draining        Necr           11%        2d6       21%         3
 Manifold Assault         Tloc           36%        N/A       34%         5
 Freezing Cloud           Conj/Ice/Air   15%        6-21      45%         5
 Anguish                  Hex/Necr       6%         N/A       54%         4
 Animate Dead             Necr           11%        N/A       56%         4
 Ice Form                 Ice/Tmut       11%        N/A       56%         4
 Summon Ice Beast         Ice/Summ       11%        N/A       56%         4
 Blade Hands              Tmut           5%         N/A       88%         5


Dungeon Overview and Level Annotations

Branches:
Dungeon (8/15)             Temple (1/1) D:7           Sewer (visited)
   Lair: D:8-11

Altars:
Ashenzari
Cheibriados
Dithmenos
Elyvilon
Fedhas
Gozag
Hepliaklqana
Kikubaaqudgha
Makhleb
Nemelex Xobeh
Okawaru
Qazlal
Ru
Sif Muna
Trog
Uskayaw
Vehumet
Wu Jian
Xom
Yredelemnul
Zin
The Shining One

Shops:
D:6 :

Annotations:
D:5 2 transporters


Innate Abilities, Weirdness & Mutations

You have a beak for a mouth.
You have claws for feet.
Your magical nature lets you fly swiftly and evasively.
You possess an exceptional clarity of mind.
You expend magic power (3 MP) to strengthen your wands.


Message History

You peck the boulder beetle, but do no damage.
The boulder beetle is lightly wounded.
You hit the boulder beetle but do no damage.
The boulder beetle is lightly wounded.
The boulder beetle bites you but does no damage.
You hit the boulder beetle but do no damage.
You punch the boulder beetle, but do no damage.
The boulder beetle is lightly wounded.
The boulder beetle bites you but does no damage.
You hit the boulder beetle but do no damage.
You claw the boulder beetle, but do no damage.
The boulder beetle is lightly wounded.
The boulder beetle bites you but does no damage.
You hit the boulder beetle but do no damage.
You claw the boulder beetle, but do no damage.
The boulder beetle is lightly wounded.
The boulder beetle closely misses you.
You hit the boulder beetle but do no damage.
You claw the boulder beetle, but do no damage.
The boulder beetle is lightly wounded.
The boulder beetle closely misses you.
You hit the boulder beetle but do no damage.
You peck the boulder beetle, but do no damage.
The boulder beetle is lightly wounded.
The boulder beetle leaps!
The boulder beetle leaps!
The boulder beetle bites you!
You hit the boulder beetle.
You claw the boulder beetle, but do no damage.
The boulder beetle is lightly wounded.
The boulder beetle leaps!
The boulder beetle curls into a ball and begins rolling!
Found a metallic coppery potion.
You hit the boulder beetle but do no damage.
You peck the boulder beetle, but do no damage.
The boulder beetle is lightly wounded.
The boulder beetle hits you!!!
Ouch! That really hurt!
You die...
Kikubaaqudgha rasps: "You have failed me!
Welcome... death!"

#........ #..#
#........ ....#
#........ ...!.#
#.#...... ......#
#........ .......
#..#....# .......
#..##..##
.......####### #..#####
#....°B@..##.###..###
#......##...........###
##....#
####....###...## #..##
###..#####..> ## #.).#
###. ##..## ## ##...# #
##.#?.## #......#


You could see a boulder beetle (rolling).

Vanquished Creatures
  An ugly thing (D:8)
  3 cyclopes (D:8)
  Joseph (D:7)
  Maggie (D:8)
  3 hornets
  Grinder (Sewer)
  A wyvern (D:8)
  A wraith (D:8)
  A steam dragon (D:7)
  An acid dragon (D:5)
  A water moccasin (D:7)
  2 ice beasts
  A black bear (D:5)
  An orc warrior (D:7)
  2 sky beasts
  An ogre (D:6)
  3 centaurs
  A phantom (Sewer)
  3 kobold brigands
  4 bullfrogs (D:8)
  A gnoll sergeant (D:6)
  3 scorpions
  5 wights (D:8)
  A killer bee (D:8)
  A howler monkey (D:7)
  A gnoll bouda (D:6)
  A jelly (D:8)
  2 orc priests
  4 hounds
  3 iron imps (D:4)
  2 iguanas
  6 orc wizards
  5 adders
  30 gnolls
  2 river rats (D:5)
  5 shadow imps
  3 white imps
  2 ufetubi (Sewer)
  An adder zombie (Sewer)
  A dart slug (D:2)
  13 orcs
  6 ball pythons
  A bat zombie (Sewer)
  5 endoplasms
  3 giant cockroaches
  11 goblins
  5 hobgoblins
  7 jackals
  5 quokkas
  3 bats
  2 frilled lizards
  37 kobolds
  A kobold zombie (Sewer)
  6 rats
217 creatures vanquished.

Vanquished Creatures (others)
  6 fulminant prisms (D:8)
6 creatures vanquished.

Grand Total: 223 creatures vanquished

Notes
Turn   | Place    | Note
-------+----------+-------------------------------------------
     0 | D:1      | qeuew the Tengu Conjurer began the quest for the Orb.
     0 | D:1      | Reached XP level 1. HP: 10/10 MP: 4/4
   265 | D:1      | Found a faded altar of an unknown god.
   278 | D:1      | Reached XP level 2. HP: 11/15 MP: 4/6
   638 | D:1      | Learned a level 2 spell: Searing Ray
   827 | D:1      | Reached XP level 3. HP: 19/19 MP: 5/7
  1659 | D:2      | Reached skill level 1 in Armour
  1662 | D:2      | Gained mutation: You possess an exceptional clarity of
                  | mind. [potion of mutation]
  1662 | D:2      | Gained mutation: You expend magic power (3 MP) to
                  | strengthen your wands. [potion of mutation]
  1864 | D:2      | Reached XP level 4. HP: 24/24 MP: 8/8
  2828 | D:3      | Found an iron altar of Okawaru.
  3391 | D:3      | Reached skill level 1 in Long Blades
  3391 | D:3      | Gained mutation: Your magical nature lets you fly swiftly
                  | and evasively. [Tengu growth]
  3391 | D:3      | Reached XP level 5. HP: 23/28 MP: 1/9
  3645 | D:4      | Learned a level 4 spell: Iskenderun's Mystic Blast
  4041 | D:4      | Found a burning altar of Makhleb.
  4073 | D:4      | Reached XP level 6. HP: 28/32 MP: 2/11
  4588 | D:5      | Entered Level 5 of the Dungeon
  4605 | D:5      | Noticed an ice beast
  4617 | D:5      | Killed an ice beast
  4695 | D:5      | Reached skill level 1 in Translocations
  4705 | D:5      | Found a transporter.
  4715 | D:5      | Found a transporter.
  4746 | D:5      | Reached XP level 7. HP: 36/36 MP: 13/13
  4787 | D:5      | Found a glowing drain.
  4801 | Sewer    | Entered a sewer
  5080 | Sewer    | Found an ancient bone altar of Kikubaaqudgha.
  5359 | Sewer    | Noticed Grinder
  5394 | Sewer    | Killed Grinder
  5395 | Sewer    | Reached XP level 8. HP: 28/41 MP: 1/15
  5783 | D:5      | Noticed a hornet
  5837 | D:5      | Killed a hornet
  5838 | D:5      | Reached skill level 5 in Spellcasting
  5843 | D:5      | Reached skill level 5 in Long Blades
  6306 | D:5      | Reached XP level 9. HP: 45/45 MP: 13/18
  7136 | D:6      | Found Huliux's Self-Improvement Boutique.
  7450 | D:7      | Reached skill level 5 in Dodging
  7542 | D:7      | Found a blossoming altar of Fedhas.
  7690 | D:7      | Noticed Joseph
  7709 | D:7      | Killed Joseph
  7710 | D:7      | Reached skill level 5 in Armour
  7814 | D:7      | Found a staircase to the Ecumenical Temple.
  7964 | Temple   | Entered the Ecumenical Temple
  8130 | Temple   | Became a worshipper of Kikubaaqudgha
  8414 | D:7      | Identified the +2 ring mail of Puifro Juopt {rC++ Regen+
                  | Dex-5 Stlth+}
  9353 | D:8      | Reached XP level 10. HP: 28/50 MP: 17/21
  9837 | D:8      | Reached * piety under Kikubaaqudgha
  9837 | D:8      | Received a gift from Kikubaaqudgha
 10111 | D:8      | Noticed a cyclops
 10112 | D:8      | Noticed a cyclops
 10125 | D:8      | Killed a cyclops
 10137 | D:8      | Killed a cyclops
 10190 | D:8      | Noticed a purple ugly thing
 10193 | D:8      | Noticed a boulder beetle
 10196 | D:8      | Noticed a cyclops
 10236 | D:8      | Killed a purple ugly thing
 10351 | D:8      | Learned a level 4 spell: Fulminant Prism
 10369 | D:8      | Noticed Maggie
 10512 | D:8      | Killed a cyclops
 10833 | D:8      | Identified the ring "Vuawet" {*Slow rC+ Int+4 Dex+3 SInv}
 10834 | D:8      | Got Vehumet's Quarto of Blasts
 10841 | D:8      | Learned a level 4 spell: Flame Wave
 10891 | D:8      | Killed Maggie
 10892 | D:8      | Reached XP level 11. HP: 28/54 MP: 23/23
 11050 | D:7      | Learned a level 3 spell: Dazzling Flash
 11053 | D:7      | Learned a level 2 spell: Blink
 11124 | D:8      | Mangled by a boulder beetle

Illustrated notes

Levels and vault maps discovered:
D:1:      erik_arrival_blinker_ship, layout_basic,
          hellmonk_ecumenical_altar_arch_garden
D:2:      layout_basic
D:3:      minmay_skewed_foursquare, layout_basic, lemuel_doored_altar,
          chequers_serial_rivers_micro_d
D:4:      layout_basic, demons_altar, small_statue_intersection,
          hangedman_decor_opposing
D:5:      gammafunk_wand_slinger, layout_basic, portal_sewer_entry_c,
          chequers_serial_rivers_small_b, amcnicky_mini_corridor_feature,
          minmay_manual_mail
D:6:      layout_basic, nicolae_shop_self_help
D:7:      layout_layer_cave, mainiacjoe_overflow_six_doors_small,
          minmay_temple_entry_arrows, uniq_joseph
D:8:      minmay_the_grid_four_pointed_star
          [minmay_the_grid_triangle_9x9_zippers_horizontal,
          minmay_the_grid_triangle_9x9_impossible_snake,
          minmay_the_grid_triangle_9x9_cache,
          minmay_the_grid_triangle_9x9_negative_grid,
          minmay_the_grid_prize_shrinking_boxes], layout_cave_pods, uniq_maggie
Temple:   compressed_dpeg_triangle_lava_temple

Skill      XL: |  1  2  3  4  5  6  7  8  9 10 |
---------------+-------------------------------+-----
Conjurations   | 6 7 8 9 |  9.5
Armour         | 1 2 3 4 5 6 |  6.3
Long Blades    | 1 2 3 5 7 9 |  9.0
Dodging        | 3 4 5 6 |  6.5
Spellcasting   | 3 4 5 6 7 |  7.9
Translocations | 1 2 3 4 |  4.1
Stealth        | |  2.0
Unarmed Combat | |  0.2
Hexes          | |  0.1
Fire Magic     | |  0.4

Action                   |  1- 3 |  4- 6 |  7- 9 | 10-12 || total
-------------------------+-------+-------+-------+-------++-------
Melee: Unarmed           |     4 |       |     4 |       ||     8
       Kick              |     5 |     9 |    46 |    69 ||   129
       Falchion          |     8 |    40 |   165 |   167 ||   380
       Peck              |     3 |     6 |    27 |    38 ||    74
       Punch             |       |       |       |     2 ||     2
 Cast: Magic Dart        |    48 |    93 |   236 |    76 ||   453
       Searing Ray       |       |       |    12 |     5 ||    17
       Iskenderun's Myst |       |       |       |     9 ||     9
       Fulminant Prism   |       |       |       |     6 ||     6
       Flame Wave        |       |       |       |     1 ||     1
Evoke: Wand              |       |       |       |     1 ||     1
  Use: Potion            |     3 |     4 |     2 |     4 ||    13
       Scroll            |     2 |     8 |     7 |     4 ||    21
 Stab: Sleeping          |       |       |     1 |       ||     1
Armor: Ring mail         |     1 |       |       |       ||     1
       Leather armour    |     8 |    19 |    52 |       ||    79
       Acid dragon scale |       |       |    46 |    51 ||    97
Dodge: Dodged            |    13 |    38 |   205 |   114 ||   370
